 Dungeon Crawl Stone Soup version 0.29-a0-297-g7659ce593d (webtiles) character file.

Game seed: 10718526940357861582

94209 Ajdolov the Spry (level 16, 0/125 HPs)
             Began as a Merfolk Gladiator on Mar 20, 2022.
             Was the Champion of Okawaru.
             Killed from afar by a starcursed mass (7 damage)
             ... with an accursed screaming
             ... on level 3 of the Abyss.
             The game lasted 01:07:06 (34194 turns).

Ajdolov the Spry (Merfolk Gladiator)               Turns: 34194, Time: 01:07:07

Health: 0/125      AC: 19    Str: 19    XL:     16   Next: 10%
Magic:  32/32      EV: 22    Int: 13    God:    Okawaru [******]
Gold:   3044       SH: 11    Dex: 27    Spells: 15/15 levels left

rFire   + . .      SeeInvis +   a - +11 rapier of Dissatisfaction {freeze, rPois rN+ Str+9 Int-5}
rCold   + . .      Faith    .   r - +0 buckler
rNeg    + . .      Spirit   .   I - +1 scale mail {rC+}
rPois   +          Reflect  +   c - +0 helmet "Zynoal" {Regen+ Int+4}
rElec   .          Harm     .   N - +3 cloak of Agnosticism {Fly MP+9 Str+2}
rCorr   .          Rampage  .   y - +3 pair of gauntlets of War {Slay+5}
Will    +....                   B - +2 pair of boots
Stlth   +.........              Q - amulet of reflection
HPRegen 1.10/turn               G - ring of Icsua {Fly Str-2 Int+7 Dex+3 SInv}
MPRegen 0.23/turn               D - ring of protection from fire

@: flying
A: (nimble swimmer 2), mertail, [weak 2]
a: Renounce Religion, Heroism, Finesse, Duel


You were on level 3 of the Abyss.
You worshipped Okawaru.
Okawaru was exalted by your worship.
You visited 2 branches of the dungeon, and saw 21 of its levels.
You visited the Abyss 1 time.
You also visited: Sewer.

You collected 3044 gold pieces.

Inventory:

Hand Weapons
 a - the +11 rapier of Dissatisfaction (weapon) {freeze, rPois rN+ Str+9 Int-5}
   (You took it off a kobold brigand on level 9 of the Dungeon)

   It freezes those it strikes, dealing additional cold damage.
   It can also slow down cold-blooded creatures.
   Str:       It affects your strength (+9).
   Int:       It affects your intelligence (-5).
   rPois:     It protects you from poison.
   rN:        It protects you from negative energy.
Missiles
 b - 6 curare-tipped darts
 e - 3 javelins
 n - 48 poisoned darts
 w - 26 boomerangs (quivered)
Armour
 c - the +0 helmet "Zynoal" (worn) {Regen+ Int+4}
   (Okawaru gifted it to you on level 13 of the Dungeon)

   Int:       It affects your intelligence (+4).
   Regen:     It increases your rate of health regeneration.
 h - a +0 kite shield
 r - a +0 buckler (worn)
 y - the +3 pair of gauntlets of War (worn) {Slay+5}
   (Okawaru gifted it to you on level 11 of the Dungeon)

   Slay:      It affects your accuracy & damage with ranged weapons and melee
   (+5).
 B - a +2 pair of boots (worn)
 I - a +1 scale mail of cold resistance (worn)
 N - the +3 cloak of Agnosticism (worn) {Fly MP+9 Str+2}
   (You acquired it on level 11 of the Dungeon)

   Str:       It affects your strength (+2).
   MP:        It affects your magic capacity (+9).
   Fly:       It grants you flight.
Jewellery
 D - a ring of protection from fire (right hand)
 G - the ring of Icsua (left hand) {Fly Str-2 Int+7 Dex+3 SInv}
   (You found it on level 11 of the Dungeon)

   [ring of flight]

   Str:       It affects your strength (-2).
   Int:       It affects your intelligence (+7).
   Dex:       It affects your dexterity (+3).
   SInv:      It lets you see invisible.
   Fly:       It grants you flight.
 Q - an amulet of reflection (around neck)
Wands
 p - a wand of flame (15)
 F - a wand of polymorph (4)
 H - a wand of iceblast (8)
 L - a wand of paralysis (5)
 R - a wand of mindburst (5)
 T - a wand of acid (2)
Scrolls
 d - a scroll of enchant armour
 f - a scroll of summoning
 g - a scroll of amnesia
 i - 5 scrolls of noise
 k - 7 scrolls of teleportation
 l - 6 scrolls of immolation
 m - 4 scrolls of enchant weapon
 o - 6 scrolls of magic mapping
 u - 2 scrolls of torment
 x - a scroll of fear
 J - 2 scrolls of vulnerability
 P - 3 scrolls of fog
Potions
 j - a potion of ambrosia {unknown}
 q - a potion of magic
 s - 2 potions of haste
 t - 6 potions of might
 v - 3 potions of resistance {unknown}
 z - 2 potions of degeneration {unknown}
 A - 4 potions of lignification {unknown}
 C - 6 potions of flight {unknown}
 E - 3 potions of mutation
 K - a potion of attraction {unknown}
 M - 2 potions of heal wounds
 O - 4 potions of brilliance
 W - 3 potions of curing
 X - a potion of invisibility {unknown}
 Y - a potion of berserk rage
Miscellaneous
 U - a condenser vane
 V - a box of beasts
 Z - a phial of floods (inert)


   Skills:
 - Level 11.0 Fighting
 - Level 11.0(14.0) Short Blades
 - Level 13.9(15.4) Long Blades
 - Level 12.0 Throwing
 * Level 15.7 Dodging
 - Level 3.0 Shields
 - Level 10.0 Invocations
 + Level 12.5 Evocations


You had 15 spell levels left.
You didn't know any spells.
Your spell library contained the following spells:

 Spells                   Type           Power      Damage    Failure   Level
 Pain                     Necr           0%         1d4       78%         1
 Blink                    Tloc           0%         N/A       89%         2
 Ensorcelled Hibernation  Hex/Ice        0%         N/A       89%         2
 Frozen Ramparts          Ice            0%         1d2       98%         3
 Gell's Gravitas          Tloc           0%         N/A       98%         3
 Lesser Beckoning         Tloc           0%         N/A       98%         3
 Spider Form              Tmut/Pois      0%         N/A       98%         3
 Stone Arrow              Conj/Erth      0%         3d7       98%         3
 Teleport Other           Tloc           0%         N/A       98%         3
 Anguish                  Hex/Necr       0%         N/A       100%        4
 Cause Fear               Hex            0%         N/A       100%        4
 Ice Form                 Ice/Tmut       0%         N/A       100%        4
 Agony                    Necr           0%         N/A       100%        5
 Excruciating Wounds      Necr           0%         N/A       100%        5
 Manifold Assault         Tloc           0%         N/A       100%        5
 Dispersal                Tloc           0%         N/A       100%        6
 Dragon Form              Tmut           0%         N/A       100%        7
 Storm Form               Tmut/Air       0%         N/A       100%        7
 Lehudib's Crystal Spear  Conj/Erth      0%         10d2      100%        8
 Maxwell's Capacitive Co  Air            0%         ∞         100%        8
 Animate Armour           Summ/Erth      Unusable   N/A       N/A         4
 Summon Ice Beast         Ice/Summ       Unusable   N/A       N/A         4
 Summon Lightning Spire   Summ/Air       Unusable   N/A       N/A         4
 Dragon's Call            Summ           Unusable   N/A       N/A         9

Dungeon Overview and Level Annotations

Branches:
Dungeon (15/15)            Temple (0/1) D:5            Lair (6/6) D:11
 Shoals (0/4) Lair:2       Spider (0/4) Lair:2        Slime (0/5) Lair:6
    Orc (0/2) D:12         Vaults (0/5) D:14          Sewer (visited)
 Depths: D:15

Altars:
Dithmenos
Elyvilon
Gozag
Kikubaaqudgha
Okawaru
Ru
Vehumet
Xom
Yredelemnul

Shops:
D:5 *

Annotations:
D:3 Grinder
D:10 1 runed translucent door, robertstho's ghost, journeyman DjFE
D:11 1 runed translucent door, surr's ghost, journeyman OgDe
Lair:4 1 runed translucent door, mrw0lf's ghost, journeyman OgTm
Lair:5 1 runed translucent door


Innate Abilities, Weirdness & Mutations

((You are very nimble when in or above water. (Stealth+, EV+, Speed+++)))
Your lower body shifts to a powerful aquatic tail in water.
[You are very weak. (Str -4)]


Message History

That felt strangely unrewarding.
The purple draconian breathes dispelling energy at you.
The bolt of dispelling energy hits you!!!
A starcursed mass splits.
The purple draconian completely misses you.
A chorus of shrieks assaults your mind.
The purple draconian breathes dispelling energy at you.
The bolt of dispelling energy hits you!!
As you read the scroll of teleportation, it crumbles to dust.
You feel strangely unstable.
You feel the power of the Abyss delaying your translocation!
The purple draconian breathes dispelling energy at you.
The bolt of dispelling energy hits you!!!
You feel strangely stable.
* * * LOW HITPOINT WARNING * * *
The purple draconian breathes dispelling energy at you.
The bolt of dispelling energy misses you.
A lurking horror comes into view.
The starcursed mass shrieks in your mind.
* * * LOW HITPOINT WARNING * * *
A thrashing horror comes into view.
The thrashing horror roars!
You closely miss the thrashing horror.
The thrashing horror tramples you but does no damage.
The thrashing horror misses you.
You impale the thrashing horror!! You freeze the thrashing horror.
The thrashing horror is heavily damaged.
The thrashing horror completely misses you. x2
The thrashing horror completely misses you.
The thrashing horror closely misses you.
A hellwing comes into view.
The hellwing gives a chilling moan.
You block the thrashing horror's attack. x2
The purple draconian breathes dispelling energy at you.
The bolt of dispelling energy hits you!!!
* * * LOW HITPOINT WARNING * * *
The thrashing horror misses you.
You block the thrashing horror's attack.
The starcursed mass shrieks in your mind.
You die...

#.... #.###..# . ..
#... #..#X..# # #.#
##.## #...##.. ##
...###...###d...#.##
#.
....#.....#..###..#
# ...4.......# .##
## .#.....#...# . .
##...##..#.# . #
##@## #.# # . ###
#.X.# .# #.....# #.
......... .#
..#.....#..#.
...###...##### #.#
##.## .. ...


You could see a starcursed mass, a purple draconian (catching breath), a
thrashing horror and a hellwing.

Vanquished Creatures
  Louise (D:15)
  Azrael (D:15)
  A yaktaur captain (D:14)
  Erolcha (D:9)
  2 boulder beetles
  12 hydras
  5 centaur warriors
  Erica (D:8)
  6 two-headed ogres
  6 death yaks
  A tengu warrior (D:14)
  Sonja (Lair:4)
  A wretched star (Abyss:3)
  3 skeletal warriors (D:11)
  A goliath frog (Lair:6)
  3 deep elf pyromancers (D:13)
  An orc sorcerer (D:13)
  17 ugly things
  7 cyclopes
  19 elephants
  3 centaur zombies (D:12)
  3 black mambas
  Maggie (D:9)
  25 cane toads
  3 gargoyles
  An unseen horror (D:11)
  7 kobold demonologists
  2 tengu conjurers
  2 yaktaurs (D:14)
  11 komodo dragons
  2 freezing wraiths (D:10)
  2 rime drakes
  2 tyrant leeches (Lair:6)
  2 polar bears
  19 trolls
  A hornet (D:9)
  A large abomination (Abyss:3)
  Prince Ribbit (D:5)
  5 dream sheep (Lair:6)
  A raiju (D:13)
  10 slime creatures
  17 blink frogs
  Sigmund (D:6)
  A jumping spider (Lair:2)
  A water elemental (D:11)
  2 shadows (D:13)
  40 yaks
  5 wraiths
  A fire elemental (D:15)
  A basilisk (shapeshifter) (D:10)
  4 wyverns
  Grum (D:8)
  A redback (Lair:2)
  10 wargs
  2 steam dragons
  16 vampire mosquitoes
  9 water moccasins
  9 hell hounds
  13 orc warriors
  An ice beast (D:6)
  2 ogres
  15 wolves
  15 centaurs
  4 phantoms (D:5)
  4 kobold brigands
  12 bullfrogs
  8 gnoll sergeants
  2 scorpions (D:5)
  3 necrophages (D:12)
  15 wights
  4 killer bees
  10 howler monkeys
  11 electric eels
  A lava snake (D:10)
  6 jellies
  2 quasits (Sewer)
  12 hounds
  11 orc priests
  2 gnoll shamans
  10 orc wizards
  2 iguanas (D:6)
  12 hell rats
  A mummy (D:12)
  Robin (D:2)
  27 gnolls
  11 adders
  6 shadow imps
  4 white imps
  3 ufetubi
  An adder zombie (Sewer)
  2 worms
  2 dart slugs
  39 orcs
  5 ball pythons
  12 endoplasms
  2 giant cockroaches
  15 goblins
  15 hobgoblins
  4 jackals (D:1)
  5 quokkas
  7 bats
  A frilled lizard (D:2)
  42 kobolds
  9 rats
  A fire vortex (D:15)
707 creatures vanquished.

Vanquished Creatures (others)
  A hound (D:5)
  A gnoll (D:5)
  An adder (D:5)
  An orc (D:5)
  An endoplasm (Sewer)
  19 fungi
  91 plants
  6 toadstools (Lair:5)
  2 withered plants (D:12)
123 creatures vanquished.

Grand Total: 830 creatures vanquished

Notes
Turn   | Place    | Note
-------+----------+-------------------------------------------
     0 | D:1      | Ajdolov the Merfolk Gladiator began the quest for the Orb.
     0 | D:1      | Reached XP level 1. HP: 16/16 MP: 1/1
   208 | D:1      | Reached XP level 2. HP: 18/22 MP: 2/2
   951 | D:1      | Reached skill level 5 in Long Blades
   951 | D:1      | Reached XP level 3. HP: 27/27 MP: 3/3
  1645 | D:2      | Reached XP level 4. HP: 17/33 MP: 4/4
  1811 | D:2      | Noticed Robin
  1852 | D:2      | Killed Robin
  1873 | D:2      | Found a faded altar of an unknown god.
  1884 | D:2      | Found a basalt altar of Yredelemnul.
  1961 | D:2      | Noticed an ogre
  1991 | D:2      | Killed an ogre
  1992 | D:2      | Reached XP level 5. HP: 38/38 MP: 5/5
  3167 | D:3      | Noticed Grinder
  3167 | D:3      | Paralysed by Grinder for 3 turns
  3205 | D:3      | Paralysed by Grinder for 4 turns
  3221 | D:3      | Found a glowing drain.
  3231 | Sewer    | Entered a sewer
  3374 | Sewer    | Reached XP level 6. HP: 32/44 MP: 6/6
  3553 | Sewer    | Found a burning altar of Makhleb.
  4284 | D:3      | Paralysed by Grinder for 3 turns
  4386 | D:3      | Reached XP level 7. HP: 27/50 MP: 7/7
  5325 | D:4      | Found a basalt altar of Yredelemnul.
  5459 | D:4      | Reached skill level 10 in Long Blades
  5739 | D:4      | Found a radiant altar of Vehumet.
  5739 | D:4      | Found an iron altar of Okawaru.
  5746 | D:4      | Became a worshipper of Warmaster Okawaru
  6000 | D:5      | Entered Level 5 of the Dungeon
  7193 | D:5      | Reached XP level 8. HP: 57/58 MP: 8/8
  7253 | D:5      | Reached * piety under Okawaru
  7326 | D:5      | Found a shimmering altar of Xom.
  7653 | D:5      | You fall into a shaft and drop 1 floor!
  7681 | D:6      | Found a shadowy altar of Dithmenos.
  7704 | D:6      | Reached skill level 5 in Fighting
  7857 | D:5      | Found Gozag's Platinum Reserve.
  7857 | D:5      | Found an opulent altar of Gozag.
  8127 | D:5      | Found a staircase to the Ecumenical Temple.
  8127 | D:5      | Noticed Prince Ribbit
  8161 | D:5      | Killed Prince Ribbit
  8161 | D:5      | Reached ** piety under Okawaru
  8162 | D:5      | Reached XP level 9. HP: 16/72 MP: 9/9
  8721 | D:6      | Noticed Sigmund
  8748 | D:6      | Killed Sigmund
  8749 | D:6      | Reached skill level 1 in Invocations
 10964 | D:7      | Noticed a two-headed ogre
 12438 | D:7      | Reached skill level 1 in Short Blades
 12438 | D:7      | Reached XP level 10. HP: 85/85 MP: 13/13
 12700 | D:8      | Reached *** piety under Okawaru
 12701 | D:8      | Reached skill level 10 in Fighting
 13025 | D:8      | Noticed Erica
 13164 | D:8      | Found a white marble altar of Elyvilon.
 13304 | D:8      | Received a gift from Okawaru
 13604 | D:8      | Noticed Grum
 14235 | D:8      | Killed Erica
 14836 | D:8      | Killed Grum
 15211 | D:9      | Noticed Maggie
 15796 | D:9      | Found an ancient bone altar of Kikubaaqudgha.
 15880 | D:9      | Paralysed by a hornet for 3 turns
 15889 | D:9      | Reached skill level 5 in Dodging
 15889 | D:9      | Reached skill level 1 in Shields
 15901 | D:9      | HP: 5/127 [orc warrior/+0 dire flail (3)]
 15907 | D:9      | HP: 4/127 [orc warrior/+0 dire flail (1)]
 16078 | D:9      | Received a gift from Okawaru
 16079 | D:9      | Reached skill level 6 in Dodging
 16269 | D:9      | Identified the +9 quarterstaff "Curadead" {vorpal, Str+2}
 16294 | D:9      | Reached **** piety under Okawaru
 16294 | D:9      | Identified the +11 rapier of Dissatisfaction {freeze, rPois
                  | rN+ Str+9 Int-5}
 16347 | D:9      | Killed Maggie
 16366 | D:9      | Reached skill level 7 in Dodging
 16950 | D:9      | Found a sacrificial altar of Ru.
 17059 | D:9      | Reached XP level 11. HP: 75/90 MP: 14/14
 17302 | D:9      | Noticed Erolcha
 17310 | D:9      | Killed Erolcha
 17311 | D:9      | Reached skill level 8 in Dodging
 17311 | D:9      | Reached skill level 5 in Invocations
 17387 | D:10     | Entered Level 10 of the Dungeon
 17478 | D:10     | Found a runed translucent door.
 17478 | D:10     | Found a shimmering altar of Xom.
 17478 | D:10     | Noticed robertstho's ghost (journeyman DjFE)
 17478 | D:10     | Noticed a +2 morningstar of chaos
 17681 | D:10     | Received a gift from Okawaru
 17682 | D:10     | Noticed a two-headed ogre
 17686 | D:10     | Killed a two-headed ogre
 17712 | D:10     | Reached ***** piety under Okawaru
 18036 | D:10     | Reached skill level 5 in Short Blades
 18805 | D:10     | Noticed a two-headed ogre
 18816 | D:10     | Killed a two-headed ogre
 19158 | D:11     | Identified the ring of Icsua {Fly Str-2 Int+7 Dex+3 SInv}
 19447 | D:11     | Identified a scroll of acquirement
 19448 | D:11     | Acquired 1097 gold pieces
 19536 | D:11     | Received a gift from Okawaru
 19536 | D:11     | Found the +3 pair of gauntlets of War {Slay+5}
 19590 | D:11     | Acquired the +3 cloak of Agnosticism {Fly MP+9 Str+2}
 19664 | D:11     | Noticed a cyclops
 19676 | D:11     | Killed a cyclops
 19699 | D:11     | Reached XP level 12. HP: 97/97 MP: 17/17
 19777 | D:11     | Reached skill level 10 in Short Blades
 19955 | D:11     | Found a staircase to the Lair.
 19992 | D:11     | Found a runed translucent door.
 19998 | D:11     | Noticed surr's ghost (journeyman OgDe)
 20624 | D:11     | Reached skill level 9 in Dodging
 21317 | Lair:1   | Entered Level 1 of the Lair of Beasts
 21520 | Lair:1   | Noticed a seven-headed hydra
 21529 | Lair:1   | Killed a three-headed hydra
 22300 | Lair:2   | Found a hole to the Spider Nest.
 22380 | Lair:2   | Reached skill level 10 in Invocations
 22389 | Lair:2   | Received a gift from Okawaru
 22392 | Lair:2   | Reached skill level 10 in Dodging
 22408 | Lair:2   | Reached skill level 1 in Evocations
 22504 | Lair:2   | Found a staircase to the Shoals.
 22652 | Lair:2   | Reached ****** piety under Okawaru
 22653 | Lair:2   | Reached XP level 13. HP: 67/104 MP: 20/20
 23226 | Lair:2   | Reached skill level 5 in Evocations
 24463 | Lair:4   | Found an opulent altar of Gozag.
 24632 | Lair:4   | Found a runed translucent door.
 24638 | Lair:4   | Noticed mrw0lf's ghost (journeyman OgTm)
 24723 | Lair:4   | Noticed Sonja
 24738 | Lair:4   | Killed Sonja
 25382 | Lair:5   | Received a gift from Okawaru
 25480 | Lair:5   | Reached skill level 5 in Throwing
 25523 | Lair:5   | Found a sacrificial altar of Ru.
 25655 | Lair:5   | Identified the +5 plate armour of the Ladybird {Contam
                  | Int+9} (Okawaru gifted it to you on level 5 of the Lair of
                  | Beasts)
 25655 | Lair:5   | Received a gift from Okawaru
 26668 | Lair:5   | Reached XP level 14. HP: 111/113 MP: 21/21
 26791 | Lair:5   | Noticed a dire elephant
 26812 | Lair:5   | Found a runed translucent door.
 27007 | Lair:6   | Entered Level 6 of the Lair of Beasts
 27999 | Lair:5   | Reached skill level 10 in Throwing
 28114 | Lair:6   | Received a gift from Okawaru
 28114 | Lair:6   | Found the +8 orange crystal plate armour {Archmagi, Int+3
                  | Clar}
 28542 | Lair:6   | Found a staircase to the Slime Pits.
 28687 | Lair:6   | Reached skill level 10 in Evocations
 29306 | D:12     | Found a staircase to the Orcish Mines.
 29895 | D:12     | Reached XP level 15. HP: 118/118 MP: 22/22
 30859 | D:13     | Reached skill level 11 in Dodging
 30966 | D:13     | Received a gift from Okawaru
 31022 | D:13     | Paralysed by an orc sorcerer for 4 turns
 31412 | D:13     | Reached skill level 12 in Dodging
 31975 | D:13     | Reached skill level 13 in Dodging
 31992 | D:13     | Received a gift from Okawaru
 32372 | D:13     | Identified the +0 helmet "Zynoal" {Regen+ Int+4} (Okawaru
                  | gifted it to you on level 13 of the Dungeon)
 32372 | D:13     | Received a gift from Okawaru
 32724 | D:14     | Found a gate to the Vaults.
 32890 | D:14     | Reached skill level 14 in Dodging
 33562 | D:15     | Entered Level 15 of the Dungeon
 33572 | D:15     | Noticed Louise
 33626 | D:15     | Killed Louise
 33668 | D:15     | Noticed Azrael
 33683 | D:15     | Reached skill level 15 in Dodging
 33686 | D:15     | Killed Azrael
 33786 | D:15     | Reached XP level 16. HP: 125/125 MP: 23/23
 33832 | D:15     | Received a gift from Okawaru
 34079 | D:15     | Cast into level 3 of the Abyss (a wizard)
 34194 | Abyss:3  | Killed from afar by a starcursed mass

Illustrated notes

Levels and vault maps discovered:
D:1:      dpeg_arrival_fog, layout_basic
D:2:      layout_basic, basic_altar, shapermc_ecumenical_altar_acropolis,
          minmay_circled_x, uniq_robin
D:3:      layout_basic, portal_sewer_entry_a, minmay_fractal_squares_diagonal_5,
          uniq_grinder
D:4:      layout_basic, mainiacjoe_overflow_24_doors,
          chequers_temple_overflow_statue_of_worship, serial_glass,
          glass_columns_a, glass_columns_c, glass_columns_a, glass_columns_c,
          glass_columns_a, glass_columns_b, glass_columns_a, glass_columns_a,
          glass_columns_b, glass_columns_a, glass_columns_b, glass_columns_a,
          glass_columns_c, glass_columns_c, minmay_surrounded
D:5:      layout_loops_ring, xom_confusion_cloud,
          nicolae_gozag_zags_fifth_avenue, minmay_temple_entry_poolview,
          uniq_prince_ribbit1
D:6:      layout_cave_pods, grunt_dithmenos_smoke_and_mirrors, serial_park,
          serial_park_central [serial_park_minivault_5x5_2,
          serial_park_minivault_5x5_6], serial_park_tiny_pond,
          serial_park_tiny_2, serial_park_tiny_pond, uniq_sigmund
D:7:      minmay_bubble_buster, layout_gridville
D:8:      nicolae_cairo_tiling, layout_cave_pods, mainiacjoe_overflow_alcove_1,
          water_maze_lemuel, uniq_erica, uniq_grum
D:9:      layout_long_grid, lemuel_crystal_altar, hangedman_ru_absence,
          uniq_maggie, uniq_erolcha
D:10:     minmay_distorted_concentric_squares, layout_basic, ebering_ghost_xom,
          kennysheep_donut
D:11:     minmay_inner_zag, layout_layer_cave, erik_lair_island,
          ebering_ghost_reflecting_pool, due_unseen_surprise
D:12:     layout_gridville, erik_orc_4, serial_undead, serial_undead_d,
          serial_undead_e, serial_undead_a, serial_undead_b, serial_undead_a,
          serial_undead_a, hangedman_corner_corridor
D:13:     lemuel_castle_with_subvaults [lemuel_castle_interior_original],
          layout_stronghold
D:14:     layout_loops_ring, david_vaults_2, minmay_misc_feat_tower,
          chequers_serial_rivers_large_a, grunt_ministairs_1
D:15:     grunt_enter_depths_hoard, layout_basic, columned_hall_lemuel,
          skrybe_limestone_x, hangedman_abyss_or_decor_jellyfish_corner,
          uniq_azrael, uniq_louise
Lair:1:   layout_concentric_octagons, grunt_forest_small_clearing_treed
Lair:2:   layout_layer_cave, shoals_dummy_entry, spider_nest_entry_a,
          grunt_megastairs_1
Lair:3:   layout_roguey, st_stairs_4
Lair:4:   layout_cave_pods, ebering_ghost_inner_flame, basic_altar, st_stairs_4,
          uniq_sonja
Lair:5:   gammafunk_lair_enchanted_lake, layout_misc_corridors, basic_altar
Lair:6:   minmay_lair_end_frog_pond, layout_hall_layers,
          minmay_slime_entry_pillars, lemuel_fruit_fields
Abyss:3:  base: D:11, evilmike_abyss_exit_kraken

Skill      XL: |  1  2  3  4  5  6  7  8  9 10 11 12 13 14 15 |
---------------+----------------------------------------------+-----
Long Blades    | 4 5 7 9 10 12 13 | 13.9
Fighting       | 3 7 9 10 11 | 11.0
Invocations    | 4 7 10 | 10.0
Short Blades   | 1 9 11 | 11.0
Dodging        | 7 8 10 15 | 15.7
Shields        | 3 |  3.0
Evocations     | 4 8 10 12 | 12.5
Throwing       | 8 12 | 12.0

Action                   |  1- 3 |  4- 6 |  7- 9 | 10-12 | 13-15 | 16-18 || total
-------------------------+-------+-------+-------+-------+-------+-------++-------
Melee: Long sword        |    98 |   242 |   487 |    64 |       |       ||   891
       Tailslap          |       |     7 |     1 |       |       |       ||     8
       Punch             |       |     2 |    14 |     6 |       |       ||    22
       Scimitar          |       |       |       |   100 |       |       ||   100
       Rapier            |       |       |       |   401 |  1157 |    73 ||  1631
Throw: Throwing net      |       |     3 |       |     1 |       |       ||     4
       Javelin           |       |     1 |       |       |       |       ||     1
       Dart              |       |     1 |    59 |    19 |     4 |       ||    83
       Boomerang         |       |       |       |     1 |     3 |       ||     4
Invok: Heroism           |       |       |     1 |       |       |       ||     1
       Finesse           |       |       |       |       |     1 |       ||     1
Evoke: Wand              |       |       |     5 |     7 |     2 |       ||    14
       Phial of floods   |       |       |       |       |     1 |       ||     1
       Condenser vane    |       |       |       |       |     1 |       ||     1
  Use: Potion            |       |       |     2 |     8 |     2 |       ||    12
       Scroll            |       |       |     5 |    11 |    13 |     2 ||    31
 Stab: Held in net/web   |       |     1 |       |     1 |       |       ||     2
       Distracted        |       |       |       |     1 |       |       ||     1
       Invisible         |       |       |       |     1 |       |       ||     1
Armor: Leather armour    |     5 |       |       |       |       |       ||     5
       Ring mail         |    36 |   105 |    21 |       |       |       ||   162
       Scale mail        |       |       |   109 |    78 |   183 |    19 ||   389
       Steam dragon scal |       |       |       |    57 |       |       ||    57
Dodge: Dodged            |    51 |   196 |   258 |   305 |   435 |    58 ||  1303
Block: Buckler           |       |       |       |    11 |   376 |    44 ||   431
       Reflection        |       |       |       |       |    13 |     9 ||    22

Table legend: (Time is in decaauts)
 A = Elapsed time spent in this place.
 B = Non-inter-level travel time spent in this place.
 C = Inter-level travel time spent in this place.
 D = Time resting spent in this place.
 E = Time spent auto-exploring this place.
 F = Levels seen in this place.
 G = Mean time per level.
                   A        B        C        D        E       F      G
               +--------+--------+--------+--------+--------+-----+--------+
         Total |  33168 |  31710 |   1458 |   8919 |  16616 |  23 | 1442.1 |
       Dungeon |  24953 |  23884 |   1069 |   7643 |  11615 |  15 | 1663.5 |
          Lair |   7431 |   7042 |    389 |    960 |   4827 |   6 | 1238.5 |
         Abyss |    105 |    105 |      0 |      0 |      0 |   1 |  105.0 |
         Sewer |    678 |    678 |      0 |    316 |    173 |   1 |  678.0 |
               +--------+--------+--------+--------+--------+-----+--------+

Top non-repeatable levels by time:
     D:8: 2614 daAuts
     D:7: 2338 daAuts
     D:6: 2242 daAuts
    D:11: 2098 daAuts
     D:4: 2086 daAuts
    D:13: 1847 daAuts
    D:10: 1754 daAuts
     D:9: 1700 daAuts
     D:2: 1586 daAuts
     D:1: 1525 daAuts
  Lair:6: 1492 daAuts
  Lair:5: 1446 daAuts
    D:12: 1398 daAuts
  Lair:2: 1383 daAuts
     D:5: 1368 daAuts
